 Dungeon Crawl Stone Soup version 0.29.1-1-gd02db6906a (webtiles) character file.

Game seed: 679534622453782687

35 gelatine the Stinger (level 3, -1/22 HPs)
             Began as an Octopode Venom Mage on Sept 22, 2022.
             Slain by an orc
             ... wielding a +0 dagger
              (2 damage)
             ... on level 2 of the Dungeon.
             The game lasted 00:03:59 (1636 turns).

gelatine the Stinger (Octopode Venom Mage)          Turns: 1636, Time: 00:04:01

Health: -1/22      AC:  3    Str:  7    XL:     3   Next: 35%
Magic:  3/6        EV: 12    Int: 19    God:
Gold:   101        SH:  0    Dex: 12    Spells: 5/6 levels left

rFire   . . .      SeeInvis .   g - +0 short sword
rCold   . . .      Faith    .   c - +0 buckler
rNeg    . . .      Spirit   .   d - +2 hat
rPois   +          Reflect  .   (no amulet)
rElec   .          Harm     .   f - ring of poison resistance
rCorr   .          Rampage  .   (no ring)
Will    .....                   (no ring)
Stlth   ++........              (no ring)
HPRegen 0.07/turn               (no ring)
MPRegen 0.10/turn               (no ring)
                                (no ring)
                                (no ring)

@: confused
A: almost no armour, amphibious, 8 rings, camouflage 1, gelatinous body 1,
(nimble swimmer 1), tentacles
a: no special abilities


You were on level 2 of the Dungeon.
You visited 1 branch of the dungeon, and saw 2 of its levels.

You collected 101 gold pieces.

Inventory:

Hand Weapons
 g - a +0 short sword (weapon)
Armour
 c - a +0 buckler (worn)
 d - a +2 hat (worn)
Jewellery
 f - a ring of poison resistance (left tentacle)
Scrolls
 b - 3 scrolls of identify
 i - a scroll of blinking
Potions
 a - a potion of magic
 e - a potion of attraction
 h - a potion of brilliance
 j - a potion of curing


   Skills:
 * Level 0.6 Fighting
 * Level 2.1 Dodging
 * Level 3.1 Stealth
 * Level 0.2 Shields
 * Level 0.6 Unarmed Combat
 + Level 2.3 Spellcasting
 + Level 1.3 Transmutations
 + Level 4.0 Poison Magic


You had 5 spell levels left.
You knew the following spells:

 Your Spells              Type           Power      Damage    Failure   Level
a - Sting                 Tmut/Pois      48%        1d5       8%          1

Your spell library contained the following spells:

 Spells                   Type           Power      Damage    Failure   Level
 Poisonous Vapours        Pois/Air       18%        N/A       14%         2
 Mephitic Cloud           Conj/Pois/Air  7%         N/A       36%         3
 Olgreb's Toxic Radiance  Pois           17%        N/A       38%         4


Dungeon Overview and Level Annotations

Branches:
Dungeon (2/15)

Altars:
Fedhas


Innate Abilities, Weirdness & Mutations

You cannot wear most types of armour.
You are amphibious.
You can wear up to eight rings at the same time.
Your skin changes colour to match your surroundings (Stealth+).
Your rubbery body absorbs attacks. (AC +1, EV +1)
((You are camouflaged when in or above water. (Stealth+)))
You have tentacles for arms and can constrict up to eight enemies at once.


Message History

You kill the orc!
The sting misses the orc wizard.
You miscast Sting.
Nothing appears to happen.
The orc wizard casts a spell at you.
You are confused.
You're too confused to cast spells.
Unknown command.
You bump into the rock wall.
You're too confused to move!
The orc wizard barely misses you. The orc hits you with a +0 dagger.
You barely miss the orc wizard. Your squeeze misses the orc wizard.
The orc wizard casts a spell at you.
You are more confused.
The orc closely misses you.
You closely miss the orc wizard. The orc wizard barely misses you.
The orc hits you with a +0 dagger.
You bump into the rock wall.
The orc wizard hits you with a +0 dagger.
The orc closely misses you.
You hit the orc wizard. Your squeeze misses the orc wizard.
The orc wizard is moderately wounded.
The orc wizard barely misses you. The orc barely misses you.
You bump into the rock wall.
The orc wizard hits you with a +0 dagger.
The orc hits you with a +0 dagger.
Your magical contamination has completely faded away.
You bump into the rock wall.
The orc wizard hits you with a +0 dagger.
The orc hits you but does no damage.
You hit the orc wizard.
The orc wizard is severely wounded.
The orc wizard barely misses you. The orc misses you.
You closely miss the orc wizard.
The orc wizard is severely wounded.
The orc wizard hits you with a +0 dagger.
* * * LOW HITPOINT WARNING * * *
The orc hits you with a +0 dagger.
* * * LOW HITPOINT WARNING * * *
The orc hits you with a +0 dagger.
You die...

#..# #.# ## #..# #.# .#
#..# ####.. .#
#..####...#####.## #.#
#o.. .....##.....###...
.. #...##...........
....###...##........#..
.....ooo#.............
#@..##...†...#
##.###..†....# #.#
#.......# #.#
####.####.## #.#
#.........# ..#
#.#.####.)# ### #.#...#
# ######.###.##..#
#..............#


You could see an orc wizard and 2 orcs.

Vanquished Creatures
  A worm (D:2)
  An orc (D:2)
  4 ball pythons
  6 bats
  An endoplasm (D:1)
  2 giant cockroaches
  4 hobgoblins (D:2)
  3 jackals (D:2)
  2 frilled lizards
  A goblin (D:2)
  2 kobolds (D:2)
  4 rats
31 creatures vanquished.

Notes
Turn   | Place    | Note
-------+----------+-------------------------------------------
     0 | D:1      | gelatine the Octopode Venom Mage began the quest for the
                  | Orb.
     0 | D:1      | Reached XP level 1. HP: 11/11 MP: 3/3
   453 | D:1      | Reached XP level 2. HP: 11/17 MP: 0/5
   671 | D:1      | You fall into a shaft and drop 1 floor!
   678 | D:2      | Found a blossoming altar of Fedhas.
  1122 | D:2      | Reached skill level 4 in Poison Magic
  1357 | D:2      | Found a faded altar of an unknown god.
  1362 | D:2      | Reached XP level 3. HP: 20/22 MP: 3/6
  1636 | D:2      | HP: 1/22 [orc/+0 dagger (4)]
  1636 | D:2      | Slain by an orc

Illustrated notes

Levels and vault maps discovered:
D:1:      ebering_trefoil_twist, layout_basic
D:2:      layout_loops_ring, shapermc_ecumenical_altar_venn, basic_altar

Skill      XL: |  1  2 |
---------------+-------+-----
Stealth        | 3 |  3.1
Poison Magic   | 4 |  4.0
Fighting       | |  0.6
Dodging        | |  2.1
Shields        | |  0.2
Unarmed Combat | |  0.6
Spellcasting   | |  2.3
Transmutations | |  1.3

Action                   || total
-------------------------++-------
Melee: Unarmed           ||     4
       Short sword       ||    17
       Constrict         ||     6
       Tentacles         ||     5
 Cast: Sting             ||    54
  Use: Scroll            ||     4
Armor: Skin              ||     9
Dodge: Dodged            ||    26
Block: Buckler           ||     6
